 Dungeon Crawl Stone Soup version 0.30-b1-2-g02819fbbbe (webtiles) character file.

Game seed: 6304171626583975725

141 Lolow the Chopper (level 5, -3/42 HPs)
             Began as a Human Berserker on May 17, 2023.
             Was a Priest of Trog.
             Blown up by Ijyb (18 damage)
             ... with a mindburst bolt
             ... on level 3 of the Dungeon.
             The game lasted 00:09:03 (2153 turns).

Lolow the Chopper (Human Berserker)                 Turns: 2153, Time: 00:09:04

Health: -3/42      AC:  6    Str: 19    XL:     5   Next: 48%
Magic:  5/5        EV: 11    Int:  8    God:    Trog [***...]
Gold:   95         SH:  0    Dex: 12    Spells: 4/4 levels left

rFire   x . .        a - +0 hand axe
rCold   + . .        (no shield)
rNeg    . . .        c - +0 ring mail
rPois   .            l - +0 helmet
rElec   .            (no cloak)
rCorr   .            (no gloves)
SInv    .            (no boots)
Will    +....        (no amulet)
Stlth   +            g - ring of willpower
HPRegen 0.27/turn    h - ring of ice
MPRegen 0.09/turn

%: no passive effects
@: on berserk cooldown, slowed, very slow
A: no striking features
a: Renounce Religion, Berserk, Trog's Hand


You were on level 3 of the Dungeon.
You worshipped Trog.
Trog was most pleased with you.
You visited 1 branch of the dungeon, and saw 3 of its levels.

You collected 95 gold pieces.

Inventory:

Hand Weapons
 a - a +0 hand axe (weapon)
 j - a +0 spear
Missiles
 d - 2 poisoned darts (quivered)
Armour
 b - a +0 animal skin
 c - a +0 ring mail (worn)
 k - a +0 chain mail
 l - a +0 helmet (worn)
Jewellery
 g - a ring of willpower (left hand)
 h - a ring of ice (right hand)
Scrolls
 e - 2 scrolls of poison {unknown}
Potions
 f - 3 potions of attraction
 i - a potion of brilliance {unknown}
 m - a potion of curing {unknown}


   Skills:
 + Level 3.6 Fighting
 + Level 4.6 Axes
 + Level 2.7 Armour
 + Level 2.6 Dodging


You had 4 spell levels left.
You didn't know any spells.
Your spell library contained the following spells:

 Spells                   Type           Power      Damage    Failure   Level
 Portal Projectile        Hex/Tloc       0%         N/A       91%         3
 Tukima's Dance           Hex            0%         N/A       91%         3
 Leda's Liquefaction      Hex/Erth       0%         N/A       100%        4
 Blade Hands              Tmut           0%         N/A       100%        5
 Lee's Rapid Deconstruct  Erth           0%         3d4*      100%        5
 Statue Form              Tmut/Erth      0%         N/A       100%        6


Dungeon Overview and Level Annotations

Branches:
Dungeon (3/15)

Altars:

Annotations:
D:3 Ijyb


Message History

You hit Ijyb but do no damage. Ijyb hits you but does no damage.
Robin throws Ijyb at you!
You hit Robin.
You kill Robin!
Trog accepts your kill.
You hit Ijyb. You closely miss the hobgoblin. The hobgoblin barely misses you.
Ijyb hits you but does no damage.
Items here: )) [[ †.
You barely miss the hobgoblin. You hit the giant cockroach.
The hobgoblin barely misses you. The giant cockroach barely misses you.
You barely miss Ijyb.
Ijyb is heavily wounded.
You barely miss the giant cockroach. You closely miss the hobgoblin.
You are no longer berserk.
You are exhausted.
You feel yourself slow down.
Ijyb screams, "Level is mine!
All mine!"
Ijyb zaps a wand.
You resist with some effort. The hobgoblin barely misses you.
You hit the giant cockroach.
You kill the giant cockroach!
Trog accepts your kill.
You hit Ijyb. You hit the hobgoblin. The hobgoblin barely misses you.
Ijyb barely misses you.
You hit Ijyb.
Ijyb is heavily wounded.
You hit the goblin but do no damage. You barely miss the hobgoblin.
The hobgoblin hits you but does no damage.
Ijyb hits you with a +0 club. The goblin hits you but does no damage.
The hobgoblin closely misses you. Ijyb barely misses you.
The goblin hits you but does no damage.
You hit Ijyb. Your punch misses Ijyb.
Ijyb is severely wounded.
You hit the goblin. You closely miss the hobgoblin. The hobgoblin hits you.
Ijyb hits you with a +0 club. The goblin closely misses you.
You hit Ijyb but do no damage.
Ijyb is severely wounded.
You hit the goblin. You hit the hobgoblin but do no damage.
The hobgoblin hits you.
Ijyb zaps a wand.
Your mind is blasted!
The goblin barely misses you.
Ijyb zaps a wand.
Your mind is blasted!
You die...

.. ..# #.#... ...#.#
#..#.# #..#.#
########..#.##### ##
#........†#.....#
####..###.#######.#.###.#
........)g@.....#.#.#.#.#
###..####g#g####......).#
# #...# ##.#.#.#.#
#..#####........#
#.......#.#.#.#.#
#..#####........# #..#
##.#.#.#.# #..#
#........#
########..######.#.#†###


You could see Ijyb, a hobgoblin and a goblin.

Vanquished Creatures
  Robin (D:3)
  4 adders (D:2)
  6 worms (D:2)
  2 dart slugs
  6 ball pythons
  3 endoplasms (D:2)
  2 giant cockroaches
  7 goblins
  4 hobgoblins
  9 jackals (D:1)
  10 kobolds
  3 quokkas (D:1)
  4 bats
  5 frilled lizards
  6 rats
72 creatures vanquished.

Notes
Turn   | Place    | Note
-------+----------+-------------------------------------------
     0 | D:1      | Lolow the Human Berserker began the quest for the Orb.
     0 | D:1      | Reached XP level 1. HP: 18/18 MP: 1/1
   215 | D:1      | Reached XP level 2. HP: 24/24 MP: 2/2
   410 | D:1      | Reached XP level 3. HP: 25/29 MP: 3/3
   471 | D:1      | Reached ** piety under Trog
  1055 | D:2      | Reached XP level 4. HP: 35/35 MP: 4/4
  1119 | D:2      | Reached skill level 4 in Axes
  1547 | D:2      | Reached XP level 5. HP: 41/41 MP: 5/5
  2101 | D:3      | Reached *** piety under Trog
  2123 | D:3      | Noticed Ijyb
  2124 | D:3      | Noticed Robin
  2146 | D:3      | Killed Robin
  2153 | D:3      | Blown up by Ijyb

Illustrated notes

Levels and vault maps discovered:
D:1:      saegor_arrival_fortress, layout_loops_corners, kennysheep_boxes
D:2:      minmay_evil_eye, layout_loops_corners, nicolae_wormholes
D:3:      layout_basic, mainiacjoe_overflow_cross_hatched,
          ebering_ghost_disaster_area, st_stairs_12, chequers_arboretum,
          roderic_batcave, nicolae_goblin_pals

Skill      XL: |  1  2  3  4 |
---------------+-------------+-----
Axes           | 4 |  4.6
Fighting       | |  3.6
Armour         | |  2.7
Dodging        | |  2.6

Action                     |  1- 3 |  4- 6 || total
---------------------------+-------+-------++-------
  Melee: Hand axe          |   101 |   118 ||   219
         Punch             |     4 |       ||     4
 Invoke: Berserk           |     4 |     1 ||     5
    Use: Scroll            |       |     3 ||     3
 Armour: Ring mail         |    35 |    43 ||    78
         Animal skin       |     6 |       ||     6
  Dodge: Dodged            |    71 |    62 ||   133
